 Dungeon Crawl Stone Soup version 0.29.1-2-gbd0b4ee654 (webtiles) character file.

Game seed: 8179930876834584417

1933 cdecastro the Destroyer (level 8, -13/41 HPs)
             Began as a Deep Elf Conjurer on Oct 31, 2022.
             Was an Initiate of Vehumet.
             Killed from afar by an electric eel (15 damage)
             ... with a bolt of electricity
             ... in a bailey.
             The game lasted 00:19:50 (7329 turns).

cdecastro the Destroyer (Deep Elf Conjurer)         Turns: 7329, Time: 00:19:50

Health: -13/41     AC:  4    Str:  4    XL:     8   Next: 97%
Magic:  9/23       EV: 13    Int: 29    God:    Vehumet [......]
Gold:   362        SH:  0    Dex: 18    Spells: 3/13 levels left

rFire   . . .      SeeInvis .   N - +8 broad axe "Impbane" {vorpal, rF- Dex+5}
rCold   . . .      Faith    .   (no shield)
rNeg    . . .      Spirit   .   a - +0 robe
rPois   .          Reflect  .   I - +0 helmet
rElec   .          Harm     .   e - +0 cloak
rCorr   .          Rampage  .   (no gloves)
Will    .....                   (no boots)
Stlth   ++........              h - amulet of magic regeneration
HPRegen 0.13/turn               v - ring "Ejizuze" {Fly rF+}
MPRegen 0.58/turn               s - ring "Ijaeroon" {MP+9 Int+3}

@: flying
A: no striking features
a: Renounce Religion


You were in a bailey.
You worshipped Vehumet.
Vehumet was noncommittal.
You visited 2 branches of the dungeon, and saw 8 of its levels.
You also visited: Bailey.

You collected 362 gold pieces.

Inventory:

Hand Weapons
 d - a +1 vampiric dagger
 p - a +2 dagger of speed
 N - the +8 broad axe "Impbane" (weapon) {vorpal, rF- Dex+5}
   (You found it on level 6 of the Dungeon)

   It inflicts extra damage upon your enemies.
   Dex:       It affects your dexterity (+5).
   rF:        It makes you vulnerable to fire.
Missiles
 f - 10 boomerangs
 i - 57 stones
Armour
 a - a +0 robe (worn)
 e - a +0 cloak (worn)
 I - a +0 helmet (worn)
 L - a +0 pair of gloves
 M - a +1 pair of gloves
Magical Staves
 F - a staff of conjuration
Jewellery
 h - an amulet of magic regeneration (around neck)
 k - a ring of protection from cold
 q - a +6 ring of strength
 s - the ring "Ijaeroon" (right hand) {MP+9 Int+3}
   (You found it on level 3 of the Dungeon)

   [ring of magical power]

   Int:       It affects your intelligence (+3).
   MP:        It affects your magic capacity (+9).
 u - a ring of wizardry
 v - the ring "Ejizuze" (left hand) {Fly rF+}
   (You found it on level 4 of the Dungeon)

   [ring of flight]

   rF:        It protects you from fire.
   Fly:       It grants you flight.
 x - an amulet of the acrobat
 D - a ring of wizardry
 O - a ring of willpower
Scrolls
 l - 2 scrolls of poison {unknown}
 m - 6 scrolls of identify {unknown}
 n - a scroll of noise {unknown}
 r - 2 scrolls of amnesia {unknown}
 w - a scroll of fear {unknown}
 y - a scroll of enchant weapon {unknown}
 B - a scroll of teleportation {unknown}
 E - a scroll of acquirement {unknown}
 G - a scroll of brand weapon {unknown}
 H - a scroll of butterflies {unknown}
 J - a scroll of magic mapping {unknown}
 K - a scroll of vulnerability {unknown}
Potions
 b - 6 potions of magic
 c - a potion of haste {unknown}
 g - 2 potions of curing {unknown}
 j - 4 potions of heal wounds
 o - a potion of invisibility {unknown}
 t - 2 potions of might
 z - a potion of mutation {unknown}
 A - a potion of lignification {unknown}
 C - a potion of degeneration {unknown}


   Skills:
 - Level 2.4 Dodging
 - Level 2.4 Stealth
 - Level 3.0 Spellcasting
 + Level 13.3 Conjurations


You had 3 spell levels left.
You knew the following spells:

 Your Spells              Type           Power      Damage    Failure   Level
a - Magic Dart            Conj           100%       1d8       1%          1
b - Searing Ray           Conj           100%       2d8       1%          2
c - Dazzling Flash        Conj/Hex       86%        N/A       1%          3
d - Fulminant Prism       Conj/Hex       21%        3d13      4%          4

Your spell library contained the following spells:

 Spells                   Type           Power      Damage    Failure   Level
 Iskenderun's Mystic Bla  Conj/Tloc      43%        2d10      4%          4
 Lightning Bolt           Conj/Air       21%        1d36      14%         5
 Airstrike                Air            2%         2d(1-17)  58%         4
 Summon Lightning Spire   Summ/Air       4%         N/A       58%         4


Dungeon Overview and Level Annotations

Branches:
Dungeon (7/15)             Temple (1/1) D:6          Bailey (1/1)

Altars:
Ashenzari
Cheibriados
Dithmenos
Fedhas
Gozag
Hepliaklqana
Kikubaaqudgha
Nemelex Xobeh
Qazlal
Ru
Sif Muna
Uskayaw
Vehumet
Wu Jian
Yredelemnul
Zin
The Shining One

Shops:
D:4 *

Annotations:
D:4 2 transporters, deadpool521's ghost, amateur DsCA
D:6 exclusion: centaur, Sigmund
D:7 2 runed translucent doors


Message History

Aiming: Fulminant Prism (dangerous; 4% risk of failure)
Press: ? - help, Dir - move target You conjure a prism of explosive energy!
A fulminant prism comes into view.
The electric eel shoots out a bolt of lightning at you!
The bolt of electricity misses you.
Your fulminant prism crackles loudly.
The electric eel shoots out a bolt of lightning at you!
The bolt of electricity hits you!
Your fulminant prism explodes!
An electric eel comes into view.
The electric eel shoots out a bolt of lightning at you!
The bolt of electricity hits you!
* * * LOW HITPOINT WARNING * * *
You aren't carrying any items that you can evoke.
Aiming: Magic Dart (safe; 1% risk of failure)
Press: ? - help, Q - select action, (/) - cycle Shift-Dir - straight line, f - electric eel
Aim: an electric eel (water, 100% to hit)
The magic dart hits the electric eel!
The electric eel is heavily wounded.
The electric eel shoots out a bolt of lightning at you!
The bolt of electricity hits you!
* * * LOW HITPOINT WARNING * * *
The bolt of electricity hits you!
* * * LOW HITPOINT WARNING * * *
Okay, then.
Okay, then.
Unknown command.
You feel much better.
The electric eel shoots out a bolt of lightning at you!
The bolt of electricity hits you!
* * * LOW HITPOINT WARNING * * *
Unknown command.
Unknown command.
The electric eel shoots out a bolt of lightning at you!
The bolt of electricity hits you!
* * * LOW HITPOINT WARNING * * *
The electric eel shoots out a bolt of lightning at you!
The bolt of electricity hits you!
You die...

#≈≈≈≈≈######.
#≈≈≈≈≈~.#....
######.≈≈≈≈~.#....
#......≈≈≈≈~.#''##
###......S≈≈≈~.#....
#..............'....
#∩..∩...).)....'..⌠.
#..............'....
###@.....≈≈≈≈~.#....
#......≈≈≈≈~.#++##
######.≈≈≈≈~.#
#≈≈≈≈≈~.# #≈≈≈≈≈###
#≈≈≈≈≈# #≈≈≈≈S#
#≈≈≈≈≈# #≈≈≈≈S#


You could see an electric eel.

Vanquished Creatures
  An ice beast (D:6)
  2 orc warriors
  3 ogres (D:5)
  3 phantoms
  3 scorpions
  A gnoll sergeant (D:7)
  3 hounds
  4 jellies
  4 orc priests
  Jessica (D:2)
  3 iguanas
  Ijyb (D:3)
  Natasha (thrice) (D:4)
  6 orc wizards
  7 gnolls
  5 adders
  A shadow imp (D:5)
  2 white imps (D:5)
  3 ufetubi
  2 worms (D:2)
  5 dart slugs
  22 orcs
  6 bats
  4 endoplasms
  2 giant cockroaches
  3 hobgoblins
  4 quokkas
  6 ball pythons
  4 frilled lizards
  12 goblins
  5 kobolds
  6 rats (D:1)
137 creatures vanquished.

Vanquished Creatures (others)
  5 fulminant prisms
  7 fungi (D:4)
12 creatures vanquished.

Grand Total: 149 creatures vanquished

Notes
Turn   | Place    | Note
-------+----------+-------------------------------------------
     0 | D:1      | cdecastro the Deep Elf Conjurer began the quest for the
                  | Orb.
     0 | D:1      | Reached XP level 1. HP: 10/10 MP: 6/6
   293 | D:1      | Reached skill level 5 in Conjurations
   293 | D:1      | Reached XP level 2. HP: 15/15 MP: 4/8
   792 | D:2      | Reached XP level 3. HP: 19/19 MP: 4/9
   974 | D:2      | Learned a level 2 spell: Searing Ray
  1220 | D:2      | Noticed Jessica
  1224 | D:2      | Killed Jessica
  1225 | D:2      | Reached skill level 6 in Conjurations
  1554 | D:3      | Reached XP level 4. HP: 24/24 MP: 8/10
  1681 | D:3      | Noticed Ijyb
  1708 | D:3      | Killed Ijyb
  1873 | D:3      | Identified the ring "Ijaeroon" {MP+9 Int+3}
  2016 | D:3      | Found a broken altar of Ashenzari.
  2329 | D:4      | Found a stormy altar of Qazlal.
  2669 | D:4      | Identified the ring "Ejizuze" {Fly rF+}
  2720 | D:4      | Reached skill level 7 in Conjurations
  2720 | D:4      | Reached XP level 5. HP: 28/28 MP: 11/11
  2733 | D:4      | Learned a level 3 spell: Dazzling Flash
  2738 | D:4      | Learned a level 4 spell: Fulminant Prism
  2898 | D:4      | Noticed a phantom
  3084 | D:4      | Noticed Natasha
  3087 | D:4      | Killed Natasha
  3172 | D:4      | Noticed Natasha
  3177 | D:4      | Killed Natasha
  3317 | D:4      | Noticed Natasha
  3326 | D:4      | Killed Natasha
  3327 | D:4      | Reached skill level 8 in Conjurations
  3327 | D:4      | Reached XP level 6. HP: 32/32 MP: 12/12
  3410 | D:4      | Noticed deadpool521's ghost (amateur DsCA)
  3427 | D:4      | Found a transporter.
  3468 | D:4      | Found Zunlusuu's Gadget Gallery.
  3507 | D:4      | Found a transporter.
  3632 | D:5      | Entered Level 5 of the Dungeon
  3711 | D:5      | Found a basalt altar of Yredelemnul.
  3856 | D:4      | Reached skill level 9 in Conjurations
  3976 | D:5      | Reached XP level 7. HP: 36/36 MP: 13/13
  4251 | D:5      | Reached skill level 10 in Conjurations
  4618 | D:5      | Reached skill level 11 in Conjurations
  4729 | D:5      | Reached XP level 8. HP: 41/41 MP: 14/14
  4782 | D:5      | Found a hide-covered altar of Uskayaw.
  4847 | D:5      | Found a shimmering blue altar of Sif Muna.
  4883 | D:5      | Found an opulent altar of Gozag.
  4883 | D:5      | Found a glowing silver altar of Zin.
  5354 | D:6      | Reached skill level 12 in Conjurations
  5487 | D:6      | Noticed Sigmund
  5546 | D:6      | Found a staircase to the Ecumenical Temple.
  5562 | Temple   | Entered the Ecumenical Temple
  5653 | Temple   | Became a worshipper of Vehumet
  5935 | D:6      | Found an ornate altar of the Wu Jian Council.
  5935 | D:6      | Found a sparkling altar of Nemelex Xobeh.
  6375 | D:6      | Identified the +8 broad axe "Impbane" {vorpal, rF- Dex+5}
  6738 | D:7      | Found a runed translucent door.
  6769 | D:7      | Reached skill level 13 in Conjurations
  6975 | D:7      | Found a runed translucent door.
  7018 | D:7      | Found a flagged portal.
  7045 | Bailey   | Entered a bailey
  7267 | Bailey   | Noticed an orc knight
  7324 | Bailey   | HP: 2/41 [electric eel/bolt of electricity (9)]
  7329 | Bailey   | Killed from afar by an electric eel

Illustrated notes

Levels and vault maps discovered:
D:1:      dpeg_arrival_tiny_d, layout_rooms, serial_bayou_pond_e,
          minmay_misc_feat_columns
D:2:      layout_basic, serial_curves, eino_curves_04, eino_curves_03,
          eino_curves_02, uniq_jessica
D:3:      layout_basic, ashenzari_altar_1, minivault_27, uniq_ijyb
D:4:      layout_basic, nicolae_qazlal_general_emergency,
          gammafunk_ghost_stat_death, dreamdust_mushroom_princess,
          nicolae_shop_gadgets, uniq_natasha
D:5:      layout_basic, grunt_temple_overflow_gold_and_silver,
          nicolae_overflow_hidden_temple, lemuel_blue_sif_altar,
          lemuel_round_altar, grunt_ministairs_8, minmay_fractal_squares_5
D:6:      layout_layer_cave, gammafunk_temple_overflow_elements,
          minmay_temple_entry_sparse_star, uniq_sigmund
D:7:      lemuel_insect_pit, layout_basic, enter_bailey_5,
          chequers_serial_rivers_small_b
Temple:   nicolae_temple_colour_theory
Bailey:   bailey_axe_of_yendor_kennysheep, bailey

Skill      XL: |  1  2  3  4  5  6  7  8 |
---------------+-------------------------+-----
Conjurations   | 5 6 7 8 9 11 13 | 13.3
Dodging        | |  2.4
Stealth        | |  2.4
Spellcasting   | |  3.0

Action                   |  1- 3 |  4- 6 |  7- 9 || total
-------------------------+-------+-------+-------++-------
Melee: Dagger            |       |     3 |       ||     3
 Cast: Magic Dart        |    63 |    97 |    93 ||   253
       Searing Ray       |       |    12 |    32 ||    44
       Fulminant Prism   |       |       |     5 ||     5
       Dazzling Flash    |       |       |     2 ||     2
  Use: Potion            |       |       |     1 ||     1
 Stab: Sleeping          |       |     1 |       ||     1
Armor: Robe              |       |     8 |     4 ||    12
Dodge: Dodged            |     2 |    15 |    27 ||    44
